[Event "Team 45 45 League T70"]
[Site "Internet Chess Club"]
[Date "2016.09.10"]
[Round "1"]
[White "kllrchris"]
[Black "Portola"]
[Result "1-0"]
[WhiteElo "1705"]
[BlackElo "1749"]
[Opening "French: Tarrasch"]
[ECO "C03"]
[Time "19:02:18"]
[TimeControl "2700+45"]

1. e4 e6 2. d4 d5 3. Nd2 dxe4 4. Nxe4 Be7 5. Nf3 Nd7 6. Bd3 Ngf6 7. Qe2 O-O 8.
Bg5 c5 9. dxc5 Nxc5 10. Nxc5 Bxc5 11. O-O-O Qe7 12. Ne5 Rd8 13. Ng4 Bd7 14.
Nxf6+ gxf6 15. Qe4 f5 16. Qh4 f6 17. Bxf6 Qf7 18. Bxd8 Qg7 19. Bc4 b5 20. Bb3 a5
21. Bf6 Qf7 22. Rhe1 Re8 23. Qg5+ {Black resigns} 1-0

[Event "Team 45 45 League T70"]
[Site "Internet Chess Club"]
[Date "2016.09.09"]
[Round "1"]
[White "zap2"]
[Black "SimplyAbed"]
[Result "0-1"]
[WhiteElo "1726"]
[BlackElo "1843"]
[Opening "Sicilian: Keres variation (2.Ne2)"]
[ECO "B20"]
[Time "09:06:44"]
[TimeControl "2700+45"]

1. e4 c5 2. Ne2 e6 3. d3 Nc6 4. g3 Nf6 5. Bg2 Be7 6. c3 O-O 7. d4 cxd4 8. cxd4
Qa5+ 9. Bd2 Bb4 10. O-O d6 11. Nbc3 e5 12. a3 Bxc3 13. bxc3 Bg4 14. f3 Bd7 15.
d5 Qb6+ 16. Kh1 Na5 17. Rb1 Qc7 18. Bc1 Nc4 19. Qd3 a6 20. f4 Bb5 21. Qf3 Nd7
22. f5 f6 23. Qg4 Nc5 24. Qf3 Rac8 25. Rf2 Na5 26. Be3 Nd3 27. Rff1 Nc4 28. Ra1
Nxe3 29. Qxe3 Qc5 30. Rf3 Nb2 31. Bf1 Qxe3 32. Rxe3 Nc4 33. Rf3 Nd2 34. Re3 Rc4
35. Rd1 Rxe4 36. Rxe4 Nxe4 37. Kg2 Bxe2 38. Bxe2 Nxc3 39. Rd2 Nxe2 40. Rxe2 Rc8
41. a4 b5 42. axb5 axb5 43. Ra2 b4 44. Rb2 Rc4 45. Kf2 h5 46. Ke3 Rd4 47. h3
Rxd5 48. Rxb4 Ra5 49. Rh4 d5 50. Rxh5 Ra3+ 51. Kf2 d4 52. g4 e4 53. g5 Rf3+ 54.
Ke1 Rxf5 55. Rh4 Re5 56. gxf6 gxf6 57. Rg4+ Kh7 58. Ke2 f5 59. Rg5 d3+ 60. Kd1
e3 61. Rg1 Ra5 {White resigns} 0-1

[Event "Team 45 45 League T70"]
[Site "Internet Chess Club"]
[Date "2016.09.11"]
[Round "1"]
[White "Scorpius"]
[Black "drsigmund1"]
[Result "0-1"]
[WhiteElo "1297"]
[BlackElo "1458"]
[Opening "French: exchange variation"]
[ECO "C01"]
[Time "18:01:04"]
[TimeControl "2700+45"]

1. d4 e6 2. e4 d5 3. exd5 exd5 4. Nf3 Nc6 5. c4 Nf6 6. Bg5 Bb4+ 7. Nc3 dxc4 8.
Bxc4 Qe7+ 9. Be2 h6 10. Bxf6 Qxf6 11. O-O Be6 12. d5 O-O-O 13. Qb3 Bxc3 14. dxe6
Ba5 15. exf7 g5 16. Bb5 Ne7 17. Be8 g4 18. Ne1 Nf5 19. Rd1 Nd6 20. Qa4 Bb6 21.
Qxg4+ Kb8 22. Qf3 Qe7 23. Qc3 Rf8 24. Nf3 Nxf7 25. Rxd8+ Qxd8 26. Bxf7 Rxf7 27.
h3 c6 28. Ne5 Rxf2 29. Rxf2 Qd1+ 30. Kh2 Bxf2 31. Qd3 Qg1# {White checkmated}
0-1

[Event "Team 45 45 League T70"]
[Site "Internet Chess Club"]
[Date "2016.09.08"]
[Round "1"]
[White "Tjet"]
[Black "PsyMar"]
[Result "1-0"]
[WhiteElo "1451"]
[BlackElo "1402"]
[Opening "English opening"]
[ECO "A16"]
[Time "19:07:04"]
[TimeControl "2700+45"]

1. c4 Nf6 2. Nc3 g6 3. g3 Bg7 4. Bg2 O-O 5. Nf3 Nc6 6. e4 d6 7. O-O e5 8. d3 h6
9. Be3 Ng4 10. Bd2 f5 11. h3 Nf6 12. Nd5 fxe4 13. Nxf6+ Qxf6 14. dxe4 Bxh3 15.
Bxh3 Qxf3 16. Be6+ Kh7 17. Bd5 Rab8 18. Qxf3 Rxf3 19. Be3 a5 20. Kg2 Rff8 21.
Bd2 a4 22. Rab1 Rf6 23. b3 a3 24. Rfc1 Ne7 25. c5 Nxd5 26. exd5 Rbf8 27. Be3 h5
28. cxd6 Rxd6 29. Bc5 Rxd5 30. Bxf8 Bxf8 31. Rxc7+ Kh6 32. Rc2 e4 33. Re1 Re5
34. Ree2 b6 35. Rc4 e3 36. Rxe3 Rxe3 37. fxe3 Be7 38. Kf3 Bc5 39. b4 b5 40. Rxc5
{Black resigns} 1-0

[Event "Team 45 45 League T70"]
[Site "Internet Chess Club"]
[Date "2016.09.10"]
[Round "1"]
[White "Bryant-L"]
[Black "Skeptic1972"]
[Result "1-0"]
[WhiteElo "1759"]
[BlackElo "1538"]
[Opening "French: exchange variation"]
[ECO "C01"]
[Time "13:59:17"]
[TimeControl "2700+45"]

1. e4 e6 2. d4 d5 3. exd5 exd5 4. Bd3 Bd6 5. Ne2 h6 6. Bf4 Nf6 7. O-O O-O 8.
Nbc3 c6 9. Qd2 Bxf4 10. Nxf4 Nbd7 11. Rae1 Re8 12. Nd1 Rxe1 13. Rxe1 Nf8 14. h3
Bd7 15. Ne3 Qc7 16. Nf5 Bxf5 17. Bxf5 Re8 18. Rxe8 Nxe8 19. Qe3 Nf6 20. Nd3 Qd6
21. Qe5 Qxe5 22. Nxe5 Ne6 23. c3 Kf8 24. g3 Ke7 25. f4 Ne4 26. Bxe4 dxe4 27. Kf2
f6 28. Ng6+ Kd6 29. Ke3 Kd5 30. b3 b5 31. Ne7+ Kd6 32. Nf5+ Kd5 33. g4 c5 34.
dxc5 Nxc5 35. Nxg7 Nd3 36. Nh5 {Black resigns} 1-0

[Event "Team 45 45 League T70"]
[Site "Internet Chess Club"]
[Date "2016.09.07"]
[Round "1"]
[White "Ajolote"]
[Black "timothysmall56"]
[Result "1/2-1/2"]
[WhiteElo "1642"]
[BlackElo "1736"]
[Opening "Scandinavian (center counter) defense"]
[ECO "B01"]
[Time "21:35:22"]
[TimeControl "2700+45"]

1. e4 d5 2. exd5 Qxd5 3. c4 Qe4+ 4. Qe2 Qxe2+ 5. Bxe2 e5 6. Nc3 c6 7. Nf3 Bd6 8.
d4 exd4 9. Nxd4 Ne7 10. O-O O-O 11. Be3 Nf5 12. Nxf5 Bxf5 13. Rfd1 Bc7 14. Bc5
Re8 15. Bd3 Bg4 16. f3 Be6 17. Ne4 Nd7 18. Bd6 Rac8 19. Bxc7 Rxc7 20. Ng5 Nf6
21. Nxe6 Rxe6 22. Bf5 Re8 23. Rd2 g6 24. Bh3 Rce7 25. Rad1 Kg7 26. Kf2 h5 27. g3
Kf8 28. Bf1 g5 29. Rd8 g4 30. Rxe8+ Kxe8 31. Be2 gxf3 32. Bxf3 Ng4+ 33. Bxg4
hxg4 34. Re1 Rxe1 35. Kxe1 Ke7 36. Ke2 Ke6 37. Kd3 Ke5 38. b4 b6 39. a3 a6 40.
Ke3 c5 41. bxc5 bxc5 42. a4 a5 43. Kd3 Kf5 44. Ke3 Ke5 45. Kd3 f6 46. Ke3 {Game
drawn by mutual agreement} 1/2-1/2

[Event "Team 45 45 League T70"]
[Site "Internet Chess Club"]
[Date "2016.09.10"]
[Round "1"]
[White "Sabr3T00thTygaZ"]
[Black "fireball"]
[Result "0-1"]
[WhiteElo "1439"]
[BlackElo "1728"]
[Opening "Queen's pawn game"]
[ECO "A46"]
[Time "10:07:29"]
[TimeControl "2700+45"]

1. d4 Nf6 2. Nf3 d6 3. Bf4 g6 4. e3 Bg7 5. c3 O-O 6. Nbd2 b6 7. Bd3 Bb7 8. Qe2
a5 9. O-O-O Re8 10. Rdg1 e5 11. dxe5 dxe5 12. Bxe5 Nbd7 13. Bxf6 Qxf6 14. h4 a4
15. a3 Nc5 16. Bb1 Rad8 17. Nd4 Qe7 18. N2f3 Qd7 19. g4 Bxd4 20. cxd4 Nb3+ 21.
Kd1 Qc6 {White resigns} 0-1

[Event "Team 45 45 League T70"]
[Site "Internet Chess Club"]
[Date "2016.09.08"]
[Round "1"]
[White "Gojira"]
[Black "MartyJR"]
[Result "1-0"]
[WhiteElo "1618"]
[BlackElo "1456"]
[Opening "Queen's pawn game"]
[ECO "D02"]
[Time "21:10:51"]
[TimeControl "2700+45"]

1. d4 d5 2. Nf3 c6 3. Bf4 Bf5 4. e3 Nf6 5. Nbd2 e6 6. h3 h6 7. c4 Bd6 8. Ne5 O-O
9. Qb3 Qc7 10. Ndf3 Ne4 11. c5 Qa5+ 12. Ke2 Bxe5 13. Bxe5 b6 14. cxb6 Qxb6 15.
Qxb6 axb6 16. Nd2 Nd7 17. Bh2 c5 18. Nxe4 Bxe4 19. f3 Bg6 20. Bd6 Rfd8 21. dxc5
Nxc5 22. Bc7 Rdc8 23. Bxb6 Rab8 24. Bxc5 Rxb2+ 25. Kd1 Rxc5 26. a4 Rb1+ 27. Rxb1
Bxb1 28. Bb5 Bc2+ 29. Kd2 Bb3 30. Rc1 Bc4 31. Bxc4 dxc4 32. Kc3 Kf8 33. Kb4 Rc7
34. Rxc4 Rb7+ 35. Kc3 Ra7 36. Kb4 Ke7 37. Kb5 Rb7+ 38. Kc6 Rb3 39. a5 Ra3 40.
Kb5 Kd6 41. a6 Kd5 42. e4+ Kd6 43. Ra4 Rb3+ 44. Rb4 Ra3 45. Kb6 e5 46. a7 f6 47.
Kb7 Kc5 48. Rb2 {Black resigns} 1-0

[Event "Team 45 45 League T70"]
[Site "Internet Chess Club"]
[Date "2016.09.09"]
[Round "1"]
[White "TheRailgun"]
[Black "jorobo"]
[Result "1/2-1/2"]
[WhiteElo "1833"]
[BlackElo "1998"]
[Opening "Ruy Lopez: Anderssen variation"]
[ECO "C77"]
[Time "19:35:42"]
[TimeControl "2700+45"]

1. e4 e5 2. Nf3 Nc6 3. Bb5 a6 4. Ba4 Nf6 5. d3 b5 6. Bb3 Be7 7. O-O d6 8. a4 Bd7
9. axb5 axb5 10. Rxa8 Qxa8 11. Nc3 Nd4 12. Nxd4 exd4 13. Nd5 Nxd5 14. exd5 O-O
15. Bd2 Bf6 16. Re1 Re8 17. Kf1 Re5 18. f4 Rxe1+ 19. Qxe1 g6 20. Ba5 Qa7 21. Bb4
Kg7 22. Qd1 h5 23. Qe1 Qa8 24. Ba5 c5 25. dxc6 Bxc6 26. Qd2 Bxg2+ 27. Qxg2 Qxa5
28. Qb7 Qa1+ 29. Kg2 Qe1 30. Qxf7+ Kh6 31. Qxf6 Qe2+ 32. Kg1 Qe1+ 33. Kg2 Qe2+
34. Kg1 Qe1+ 35. Kg2 Qe2+ {Game drawn by repetition} 1/2-1/2

[Event "Team 45 45 League T70"]
[Site "Internet Chess Club"]
[Date "2016.09.11"]
[Round "1"]
[White "searchforbobby1"]
[Black "komodeo"]
[Result "0-1"]
[WhiteElo "1953"]
[BlackElo "1872"]
[Opening "Sicilian: Alapin's variation (2.c3)"]
[ECO "B22"]
[Time "19:05:03"]
[TimeControl "2700+45"]

1. e4 c5 2. c3 d5 3. exd5 Qxd5 4. d4 Nf6 5. Nf3 e6 6. Na3 Qd8 7. Nc2 Nc6 8. Bd3
Be7 9. O-O O-O 10. Qe2 cxd4 11. Ncxd4 Nxd4 12. Nxd4 b6 13. Nc6 Qc7 14. Nxe7+
Qxe7 15. Bg5 Bb7 16. Rfe1 Rad8 17. Rad1 h6 18. Bh4 Rfe8 19. h3 Bc6 20. Bb5 Bxb5
21. Qxb5 Rxd1 22. Rxd1 Rd8 23. Rxd8+ Qxd8 24. Qe2 Qd5 25. Bxf6 gxf6 26. b3 f5
27. Qe3 Kg7 28. Qg3+ Kf6 29. Qf4 Kg7 30. Qc1 e5 31. c4 Qd6 32. Qc3 f4 33. b4
Qd1+ 34. Kh2 Qd4 35. Qc2 e4 36. Qe2 f5 37. g3 fxg3+ 38. Kxg3 Qd6+ 39. Kg2 Qxb4
40. Qc2 Qd6 41. Qb2+ Kg6 42. Qh8 Kh5 43. Qc8 Qf4 44. Qe8+ Kh4 45. Qh8 Qf3+ 46.
Kg1 h5 47. Qb8 Kxh3 48. Qh2+ Kg4 49. Qe5 f4 50. Qe6+ Kh4 51. Qd5 Kh3 52. Kf1
Qd3+ 53. Ke1 Qb1+ 54. Ke2 Qc2+ 55. Ke1 Qc1+ {White resigns} 0-1

[Event "Team 45 45 League T70"]
[Site "Internet Chess Club"]
[Date "2016.09.11"]
[Round "1"]
[White "charles-allen"]
[Black "LinceHispano44"]
[Result "1-0"]
[WhiteElo "1866"]
[BlackElo "1666"]
[Opening "French: Rubinstein variation"]
[ECO "C03"]
[Time "08:00:15"]
[TimeControl "2700+45"]

1. e4 e6 2. d4 d5 3. Nd2 dxe4 4. Nxe4 Nd7 5. Nf3 Be7 6. Bd3 Ngf6 7. Qe2 c5 8.
Nxc5 Bxc5 9. dxc5 Nxc5 10. O-O Nxd3 11. Rd1 O-O 12. Rxd3 Qe7 13. Bg5 b6 14. Rad1
Ba6 15. Ne5 Bxd3 16. Rxd3 Rac8 17. Ng4 Rc5 18. Bxf6 gxf6 19. Rd7 Re5 20. Nxe5
Qe8 21. Qg4+ Kh8 22. Qf4 fxe5 23. Qf6+ Kg8 24. Rd3 {Black resigns} 1-0

[Event "Team 45 45 League T70"]
[Site "Internet Chess Club"]
[Date "2016.09.11"]
[Round "1"]
[White "KBuccleuch"]
[Black "bss2005"]
[Result "1-0"]
[WhiteElo "2116"]
[BlackElo "1920"]
[Opening "Queen's pawn game, Darooha variation "]
[ECO "D02"]
[Time "12:00:34"]
[TimeControl "2700+45"]

1. d4 d5 2. Nf3 Nf6 3. g3 e6 4. Bg2 c5 5. O-O Nc6 6. b3 cxd4 7. Nxd4 e5 8. Nxc6
bxc6 9. Nd2 Be7 10. Nf3 Qc7 11. c4 Bb7 12. cxd5 cxd5 13. Bb2 d4 14. Rc1 Qa5 15.
e3 Qxa2 16. Nxe5 Bxg2 17. Kxg2 dxe3 18. Qc2 Qa6 19. Nc6 Qb7 20. Qe2 O-O 21. Qxe3
Nd5 22. Qe4 Bf6 23. Bxf6 Qxb3 24. Rb1 Qa2 25. Rb2 Rae8 26. Qxe8 Nf4+ 27. gxf4
Qd5+ 28. f3 {Black resigns} 1-0

[Event "Team 45 45 League T70"]
[Site "Internet Chess Club"]
[Date "2016.09.11"]
[Round "1"]
[White "nurmi"]
[Black "fledermaus"]
[Result "0-1"]
[WhiteElo "2072"]
[BlackElo "1879"]
[Opening "Sicilian: Scheveningen, fianchetto variation"]
[ECO "B80"]
[Time "12:00:38"]
[TimeControl "2700+45"]

1. e4 c5 2. Nf3 e6 3. d4 cxd4 4. Nxd4 Nf6 5. Nc3 d6 6. g3 a6 7. Bg2 Qc7 8. O-O
Nc6 9. a4 Bd7 10. Nb3 Ne5 11. Qe2 Be7 12. h3 O-O 13. g4 Rfd8 14. g5 Ne8 15. f4
Nc4 16. Kh1 b5 17. Nd4 b4 18. Nd1 Qc5 19. Nb3 Qc7 20. Ne3 Rac8 21. Rf2 Nxe3 22.
Bxe3 Bc6 23. f5 exf5 24. Rxf5 Bd7 25. Rf2 Be6 26. Nd4 Bc4 27. Qf3 f6 28. h4 d5
29. Ne6 dxe4 30. Qxe4 Bxe6 31. Qxe6+ Kh8 32. Raf1 Rd6 33. Qe4 Rd7 34. Bh3 Nd6
35. Qg2 f5 36. Bxf5 Nxf5 37. Rxf5 g6 38. Rd5 Rcd8 39. Rfd1 Bf8 40. Bb6 Rxd5 41.
Rxd5 Qxb6 42. Rxd8 Qxd8 43. Qe4 Qd6 44. Qc4 Be7 45. c3 Kg7 46. Kg2 Qd2+ 47. Kh3
bxc3 48. bxc3 Qd7+ 49. Kg2 Qb7+ 50. Kg1 Qb6+ 51. Kg2 Bc5 52. Kf3 Qc6+ 53. Ke2
Qd6 54. Kf3 Qd1+ 55. Kf4 Qd2+ 56. Ke4 Qd6 57. Kf3 Ba7 58. Ke2 Bb8 59. Qb3 Bc7
60. Qb7 h6 61. Qc8 hxg5 62. hxg5 Qe5+ 63. Kd1 Qd5+ 64. Ke1 Bg3+ 65. Ke2 Qe4+ 66.
Kd1 Qd3+ 67. Kc1 Bf4+ 68. Kb2 Bxg5 69. Qc7+ Kf8 70. Qc8+ Kf7 71. Qc7+ Be7 72.
Qf4+ Bf6 73. Qc7+ Be7 74. Qf4+ Qf5 75. Qc4+ Qe6 76. Qf4+ Kg7 77. Qd4+ Qf6 78.
Qe4 g5 79. Kb3 Qb6+ 80. Ka2 Bf6 81. Qd3 Qc6 82. Kb3 Qxc3+ 83. Qxc3 Bxc3 84. Kxc3
Kf6 85. Kd4 Kf5 86. Kc5 g4 87. Kb6 g3 88. Kxa6 g2 89. Kb7 g1=Q 90. a5 Qg2+ 91.
Ka7 Qf2+ 92. Kb7 Qf3+ 93. Ka7 Qe3+ 94. Kb7 Qe4+ 95. Ka7 Qd4+ 96. Kb7 Qb4+ 97.
Ka6 Ke5 {White resigns} 0-1

[Event "Team 45 45 League T70"]
[Site "Internet Chess Club"]
[Date "2016.09.11"]
[Round "1"]
[White "modiglani"]
[Black "Vinesh1234"]
[Result "0-1"]
[WhiteElo "1750"]
[BlackElo "1727"]
[Opening "King's Indian: Four pawns attack"]
[ECO "A68"]
[Time "14:00:35"]
[TimeControl "2700+45"]

1. c4 Nf6 2. Nc3 g6 3. e4 d6 4. d4 Bg7 5. f4 O-O 6. Nf3 c5 7. d5 e6 8. Be2 exd5
9. cxd5 Nbd7 10. O-O Re8 11. Bd3 c4 12. Bc2 b5 13. a3 a5 14. Be3 Bb7 15. Bd4 b4
16. axb4 axb4 17. Rxa8 Bxa8 18. Nb5 Qb8 19. Nxd6 Qxd6 20. e5 Qxd5 21. exf6 Nxf6
22. Re1 Ne4 23. Bxg7 Qxd1 24. Rxd1 Kxg7 25. Ne5 c3 26. bxc3 Nxc3 27. Rd7 Bd5 28.
Rc7 Be6 29. Kf2 Rb8 30. f5 gxf5 31. Bxf5 Bxf5 32. Rxf7+ Kg8 33. Rxf5 b3 34. Rg5+
Kf8 35. Rf5+ Kg7 36. Nc4 b2 37. Nxb2 Rxb2+ 38. Kg3 Kg6 39. Ra5 Ne4+ 40. Kf3 Nf6
41. h4 Rb3+ 42. Ke2 Rg3 43. Kf1 Rg4 44. Rg5+ Rxg5 45. hxg5 Kxg5 46. Kf2 Kg4 47.
Kg1 Kg3 48. Kf1 h5 49. Kg1 h4 50. Kf1 Ng4 51. Kg1 Ne3 52. Kh1 Nxg2 53. Kg1 h3
54. Kh1 Nh4 55. Kg1 Ng6 56. Kh1 Ne5 57. Kg1 Nd3 {White resigns} 0-1

[Event "Team 45 45 League T70"]
[Site "Internet Chess Club"]
[Date "2016.09.09"]
[Round "1"]
[White "yyoo"]
[Black "PolishRyszard"]
[Result "1-0"]
[WhiteElo "1806"]
[BlackElo "1779"]
[Opening "Sicilian: dragon, 6.Be3"]
[ECO "B72"]
[Time "14:05:39"]
[TimeControl "2700+45"]

1. e4 c5 2. Nf3 d6 3. d4 cxd4 4. Nxd4 Nf6 5. Nc3 g6 6. Be3 Bg7 7. Bc4 a6 8. f3
Nbd7 9. Qd2 b5 10. Bb3 Bb7 11. O-O-O h6 12. a3 Nc5 13. g4 Nxb3+ 14. Nxb3 Rc8 15.
Bd4 Rc4 16. Qf2 Rxd4 17. Nxd4 Qb6 18. Rhf1 b4 19. axb4 Qxb4 20. Nb3 Nd7 21. Qd2
Nb6 22. Na2 Qa4 23. Qa5 Qc6 24. Nb4 Bxb2+ 25. Kb1 Qc7 26. Rd3 O-O 27. Rfd1 Rc8
28. R1d2 Bc3 29. Rxc3 Qxc3 30. Qxb6 Rc4 31. Na2 {Black resigns} 1-0

[Event "Team 45 45 League T70"]
[Site "Internet Chess Club"]
[Date "2016.09.10"]
[Round "1"]
[White "cool64chess"]
[Black "NashGames"]
[Result "0-1"]
[WhiteElo "1971"]
[BlackElo "2097"]
[Opening "Nimzo-Indian: Kmoch variation"]
[ECO "E20"]
[Time "21:00:16"]
[TimeControl "2700+45"]

1. d4 Nf6 2. c4 e6 3. Nc3 Bb4 4. f3 d5 5. a3 Be7 6. cxd5 Nxd5 7. e4 Nxc3 8. bxc3
e5 9. Be3 O-O 10. Bc4 Nc6 11. Ne2 Bh4+ 12. g3 Be7 13. O-O Bh3 14. Rf2 Qd6 15. f4
exd4 16. cxd4 Bg4 17. f5 Rfd8 18. Bd5 Bf6 19. Qd3 Bxe2 20. Rxe2 Ne7 21. Bxb7
Rab8 22. e5 Bxe5 23. Qe4 Bf6 24. Rc1 Nxf5 25. Rc6 Qd7 26. Rxf6 gxf6 27. Bc6 Qe6
28. Qg4+ Kh8 29. d5 Nxe3 30. Qxe6 fxe6 31. dxe6 Rd3 {White resigns} 0-1

[Event "Team 45 45 League T70"]
[Site "Internet Chess Club"]
[Date "2016.09.09"]
[Round "1"]
[White "LiangLiang"]
[Black "laurenpar"]
[Result "1-0"]
[WhiteElo "1934"]
[BlackElo "1841"]
[Opening "French: Tarrasch"]
[ECO "C03"]
[Time "21:31:11"]
[TimeControl "2700+45"]

1. e4 e6 2. d4 d5 3. Nd2 a6 4. Bd3 c5 5. dxc5 Bxc5 6. Nb3 Bb6 7. exd5 exd5 8.
Nf3 Nc6 9. O-O Nf6 10. Re1+ Be6 11. Ng5 O-O 12. Rxe6 fxe6 13. Nxe6 Qe7 14. Nxf8
Rxf8 15. Qe2 Ng4 16. Qxe7 Bxf2+ 17. Kh1 Nxe7 18. Bg5 Nc6 19. Rf1 Nb4 20. Be7 Rf4
21. Bxb4 Rxb4 22. h3 Rb6 23. Be2 {Black resigns} 1-0

[Event "Team 45 45 League T70"]
[Site "Internet Chess Club"]
[Date "2016.09.11"]
[Round "1"]
[White "PolishRyszard"]
[Black "platolag"]
[Result "1/2-1/2"]
[WhiteElo "1773"]
[BlackElo "1646"]
[Opening "Queen's pawn game"]
[ECO "A45"]
[Time "04:08:46"]
[TimeControl "2700+45"]

1. d4 Nf6 2. Nc3 c6 3. Bg5 d5 4. Bxf6 gxf6 5. e4 dxe4 6. Nxe4 Bf5 7. Ng3 Bg6 8.
h4 h6 9. h5 Bh7 10. c3 Qc7 11. Nf3 Nd7 12. Bd3 e6 13. Bxh7 Rxh7 14. Qd3 f5 15.
O-O-O O-O-O 16. Qc2 Bd6 17. Ne2 Nf6 18. c4 Ne4 19. Nc3 Nf6 20. Kb1 Rg7 21. g3
Rdg8 22. d5 f4 23. gxf4 Bxf4 24. dxe6 fxe6 25. Nd4 Re8 26. Ne4 Nxe4 27. Qxe4 Qe5
28. Rde1 Qxe4+ 29. Rxe4 e5 30. Nf5 Rd7 31. c5 Kc7 32. Rg1 Rf8 33. Nd6 b6 34. b4
bxc5 35. bxc5 Bg5 36. Rxe5 Rxf2 37. Rg4 Rd8 38. Rb4 Rxd6 39. cxd6+ Kxd6 40. Rbe4
Rh2 41. Ra5 Rxh5 42. Rxa7 Kd5 43. Rg4 c5 44. a4 Rh1+ 45. Kc2 Rh2+ 46. Kd1 Rh1+
47. Ke2 Rh2+ 48. Kf1 Rh1+ 49. Kg2 Ra1 50. Ra8 Ra2+ 51. Kh3 Rc2 52. a5 c4 53. a6
c3 54. Rg2 Rc1 55. a7 Ra1 56. Rxg5+ hxg5 57. Rd8+ Kc4 58. a8=Q Rxa8 59. Rxa8 c2
60. Kg3 Kd3 61. Rc8 Kd2 62. Rd8+ Kc3 63. Rc8+ Kd2 64. Rxc2+ Kxc2 65. Kg4 Kd3 66.
Kxg5 {Game drawn because neither player has mating material} 1/2-1/2

[Event "Team 45 45 League T70"]
[Site "Internet Chess Club"]
[Date "2016.09.09"]
[Round "1"]
[White "watkins"]
[Black "Gilguli"]
[Result "1-0"]
[WhiteElo "1580"]
[BlackElo "1386"]
[Opening "Queen's bishop game"]
[ECO "D00"]
[Time "08:02:21"]
[TimeControl "2700+45"]

1. d4 d5 2. Bf4 Nf6 3. Nf3 Nc6 4. e3 Nh5 5. Bg3 Bg4 6. Be2 Nxg3 7. hxg3 e6 8.
Nbd2 Bb4 9. c3 Ba5 10. Qc2 Qf6 11. Rxh7 O-O-O 12. Rxh8 Rxh8 13. O-O-O Bf5 14.
Qa4 Bb6 15. Bb5 Ne7 16. Ne5 c6 17. Be2 Ng6 18. Ndf3 Be4 19. Qb4 Nxe5 20. Nxe5
Qxf2 21. Bd3 Qxe3+ 22. Kb1 Bxd3+ 23. Nxd3 Qxg3 24. Ne5 Bc7 25. Qe7 Bxe5 26. dxe5
Qg6+ 27. Kc1 Qh6+ 28. Kc2 f5 29. Rd4 Qg6 30. Ra4 Qxg2+ 31. Kb3 Qg1 32. Qxe6+ Kc7
33. Qf7+ Kb8 34. e6 Qd1+ 35. Ka3 Qe2 36. Qd7 a6 37. e7 Rc8 38. Rb4 b5 39. Qd6+
Kb7 40. Rh4 g5 41. Rh7 Kb6 42. Qd8+ Rxd8 43. exd8=Q+ Kc5 44. Qxg5 Qd3 45. Qe7+
Kb6 46. Qb7+ Kc5 47. Rh6 b4+ 48. Qxb4# {Black checkmated} 1-0

[Event "Team 45 45 League T70"]
[Site "Internet Chess Club"]
[Date "2016.09.11"]
[Round "1"]
[White "nurmi"]
[Black "MikeTtheGuru"]
[Result "1-0"]
[WhiteElo "2086"]
[BlackElo "2008"]
[Opening "English: Neo-Catalan declined"]
[ECO "A14"]
[Time "17:06:28"]
[TimeControl "2700+45"]

1. c4 Nf6 2. g3 e6 3. Bg2 d5 4. Nf3 Be7 5. O-O O-O 6. b3 c5 7. Bb2 Nc6 8. Na3 d4
9. d3 e5 10. Nc2 h6 11. a3 Qc7 12. e3 Bg4 13. h3 Bh5 14. exd4 exd4 15. Qd2 Na5
16. Nfxd4 cxd4 17. Nxd4 Nc6 18. Nf5 Bg6 19. Nxe7+ Qxe7 20. Rfe1 Qd6 21. d4 Rad8
22. d5 b6 23. Bc3 Rfe8 24. Rxe8+ Nxe8 25. Re1 f6 26. Qb2 Nb8 27. Re6 Qc7 28. Qe2
Nd6 29. h4 Re8 30. Bb4 Rd8 31. Re7 Qc8 32. Rxa7 Re8 33. Re7 Nf5 34. Bh3 Rxe7 35.
Bxe7 Qe8 36. Qe6+ Bf7 37. Qxf5 Qxe7 38. Qc8+ Qe8 39. Qc7 b5 40. d6 bxc4 41. bxc4
g6 42. Kh2 f5 43. Bg2 Na6 44. Qb6 Nb8 45. c5 Nd7 46. Qc7 Ne5 47. Qa5 Ng4+ 48.
Kg1 Qe2 49. Qa8+ Kg7 50. Qf3 Qe1+ 51. Bf1 Bc4 52. Qg2 Bxf1 53. Qxf1 Qxf1+ 54.
Kxf1 Ne5 55. a4 Kf7 56. a5 Ke6 57. a6 Nc6 58. Ke2 Kd7 59. Ke3 Kc8 60. h5 g5 61.
g4 fxg4 62. Ke4 Nb4 63. d7+ {Black resigns} 1-0

[Event "Team 45 45 League T70"]
[Site "Internet Chess Club"]
[Date "2016.09.11"]
[Round "1"]
[White "jjimalo"]
[Black "zydus"]
[Result "0-1"]
[WhiteElo "1799"]
[BlackElo "1738"]
[Opening "QGD: 6.Nf3"]
[ECO "D55"]
[Time "12:01:06"]
[TimeControl "2700+45"]

1. d4 d5 2. c4 e6 3. Nc3 Be7 4. Nf3 Nf6 5. Bg5 O-O 6. e3 b6 7. Rc1 Bb7 8. Bd3
Nbd7 9. cxd5 exd5 10. O-O h6 11. Bh4 c5 12. Bb1 Re8 13. Qd3 Nf8 14. Ne5 Ne4 15.
Bxe7 Qxe7 16. Nxe4 dxe4 17. Qb3 cxd4 18. exd4 Ne6 19. Qe3 Rad8 20. Rfd1 Nxd4 21.
Rxd4 Rxd4 22. Qxd4 Qxe5 23. Qd2 Re6 24. h3 Kh7 25. a3 Bd5 26. Qb4 a5 27. Qd2 g6
28. Re1 Bc6 29. Ba2 Rd6 30. Qc2 Kg7 31. Qe2 Qg5 32. Rd1 e3 33. f3 Rxd1+ 34. Qxd1
Qc5 35. Qb3 e2+ 36. Kh2 Bd5 {White resigns} 0-1

[Event "Team 45 45 League T70"]
[Site "Internet Chess Club"]
[Date "2016.09.12"]
[Round "1"]
[White "elmaestro"]
[Black "Rekakoma"]
[Result "1-0"]
[WhiteElo "1728"]
[BlackElo "1517"]
[Opening "French: Fort Knox variation"]
[ECO "C03"]
[Time "12:09:25"]
[TimeControl "2700+45"]

1. e4 e6 2. d4 d5 3. Nd2 dxe4 4. Nxe4 Bd7 5. Nf3 Bc6 6. Bd3 Bxe4 7. Bxe4 c6 8.
c3 Nf6 9. Bc2 Be7 10. O-O O-O 11. Re1 Nbd7 12. Qe2 c5 13. Ng5 h6 14. Nxe6 fxe6
15. Qxe6+ Rf7 16. Bg6 Qf8 17. Bxf7+ Qxf7 18. Qxe7 Qxe7 19. Rxe7 b6 20. d5 Rd8
21. c4 a5 22. b3 Ra8 23. Bb2 Rb8 24. a4 Kf8 25. Rae1 Kg8 26. h3 Kf8 27. g4 Re8
28. Bxf6 Nxf6 29. Rxe8+ Nxe8 30. Re6 Nf6 31. Rxb6 Ne4 32. f3 Nd2 33. Kf2 Nb1 34.
Rb5 Nd2 35. Ke2 Nb1 36. Rxc5 Nc3+ 37. Kd2 Na2 38. Rxa5 Kf7 39. Ra7+ Kg6 40. h4
Kf6 41. Rb7 g5 42. hxg5+ hxg5 43. Kc2 Ke5 44. Kb2 Kf4 45. Rf7+ Kg3 46. Kxa2 Kh4
47. Kb2 Kg3 48. Kc2 Kg2 49. Kd2 Kg3 50. Ke2 Kg2 51. d6 Kg3 52. d7 Kg2 53. d8=Q
Kg3 54. Qd1 Kh3 55. Qf1+ Kg3 56. Qf2+ Kh3 57. Rh7# {Black checkmated} 1-0

[Event "Team 45 45 League T70"]
[Site "Internet Chess Club"]
[Date "2016.09.11"]
[Round "1"]
[White "tuantuan"]
[Black "chesskix"]
[Result "0-1"]
[WhiteElo "1478"]
[BlackElo "1522"]
[Opening "Sicilian: dragon, classical, Richter variation"]
[ECO "B73"]
[Time "17:01:50"]
[TimeControl "2700+45"]

1. e4 c5 2. Nf3 Nc6 3. d4 cxd4 4. Nxd4 Nf6 5. Nc3 d6 6. Be2 g6 7. O-O Bg7 8. Be3
O-O 9. Qd2 Ng4 10. Bxg4 Bxg4 11. f3 Bd7 12. Kh1 Nxd4 13. Bxd4 Bxd4 14. Qxd4 Bc6
15. f4 Qb6 16. Qd3 Rad8 17. b3 e6 18. f5 exf5 19. exf5 d5 20. f6 d4 21. Ne2 Bb5
22. Qd2 Kh8 23. Rf3 Bxe2 24. Qxe2 Rde8 25. Qd2 Re3 26. Raf1 Rfe8 27. Rh3 Qxf6
28. Rhf3 Qg7 29. Rxf7 Qxf7 30. Qxd4+ Qg7 {White resigns} 0-1

[Event "Team 45 45 League T70"]
[Site "Internet Chess Club"]
[Date "2016.09.10"]
[Round "1"]
[White "Bible-Believer"]
[Black "bunny77"]
[Result "1-0"]
[WhiteElo "1440"]
[BlackElo "1261"]
[Opening "King's Indian: Torre attack"]
[ECO "A48"]
[Time "16:00:20"]
[TimeControl "2700+45"]

1. d4 Nf6 2. Nf3 g6 3. Bg5 Ne4 4. Bh4 d5 5. Nbd2 Bf5 6. e3 Bg4 7. Be2 Bf5 8. c4
c6 9. O-O Bg7 10. cxd5 cxd5 11. Bb5+ Nc6 12. Ne5 Rc8 13. Rc1 Qd6 14. Nxe4 Bxe4
15. Bg3 Bxe5 16. Bxe5 Qe6 17. Bxh8 f6 18. Qe2 a6 19. Bxc6+ Rxc6 20. Rxc6 Qxc6
21. Qd2 Qc3 {Black resigns} 1-0